 Dungeon Crawl Stone Soup version 0.17-a0-1378-g281efdd (webtiles) character file.

63 Steifyn the Skirmisher (level 3, 0/33 HPs)
             Began as a Demonspawn Wanderer on June 14, 2015.
             Succumbed to an adder's poison
             ... on level 2 of the Dungeon.
             The game lasted 00:05:47 (1369 turns).

Steifyn the Skirmisher (Demonspawn Wanderer)        Turns: 1369, Time: 00:05:48

Health: 0/33       AC:  4    Str: 13    XL:     3   Next: 87%
Magic:  3/3        EV: 11    Int: 13    God:
Gold:   44         SH:  0    Dex: 12    Spells: 0 memorised, 2 levels left

rFire  . . .     SeeInvis .     c - +0 spear
rCold  . . .     Clarity  .     a - +0 leather armour
rNeg   . . .     SustAt   .     (no shield)
rPois  .         Gourm    .     (no helmet)
rElec  .         Spirit   .     g - +0 cloak
rCorr  .         Warding  .     (no gloves)
rMut   .         Stasis   .     (no boots)
MR     .....                    (no amulet)
Stlth  ++........               (no ring)
                                (no ring)

@: lethally poisoned (0 -> -9), not resistant to hostile enchantments,
unstealthy
A: talons 1
a: no special abilities


You were on level 2 of the Dungeon.
You were not hungry.

You visited 1 branch of the dungeon, and saw 2 of its levels.

You collected 44 gold pieces.

Inventory:

Hand weapons
 c - a +0 spear (weapon)
 e - a +0 dagger
Missiles
 b - 4 throwing nets (quivered)
Armour
 a - a +0 leather armour (worn)
 g - a +0 cloak (worn)
Scrolls
 i - a scroll of magic mapping {unknown}
Potions
 d - 2 potions of curing
Comestibles
 f - 2 bread rations


   Skills:
 + Level 5.2 Fighting
 * Level 1.5 Polearms
 * Level 2.1 Armour
 - Level 1.0 Dodging
 - Level 2.6 Stealth
   Level 1.0 Shields


You had 2 spell levels left.
You didn't know any spells.

Dungeon Overview and Level Annotations

Branches:
Dungeon (2/15)

Altars:


Innate Abilities, Weirdness & Mutations

You have sharp toenails.


Message History

The adder is almost dead.
* * * LOW HITPOINT WARNING * * *
You feel sick. The adder barely misses you.
You miss the adder. You claw the adder, but do no damage.
The adder is almost dead.
* * * LOW HITPOINT WARNING * * *
You feel sick. The adder barely misses you.
You miss the adder.
The adder is almost dead.
The adder closely misses you. The adder bites you.
* * * LOW HITPOINT WARNING * * *
You are more poisoned.
The adder poisons you!
You closely miss the adder.
The adder is almost dead.
* * * LOW HITPOINT WARNING * * *
You feel sick. The adder closely misses you.
You closely miss the adder.
The adder is almost dead.
You die...

#..# ####.####...
#)##
#..#####.......#...
#.#####..#
......†....#.#.#...
........^.
#...####.#...#.#..#
########.#
(........#####.#..#
#.. ....######
#.#..#### #.. ....#
#.#.....## #.. ....#
#####.#...[..## #..
.....
###......@......#####
#.. ......
........S...........#
#..
#######.#....<..###.#
#.. #.##.....####.##
#.. #.##...........#
#..
#.##.#.######..###..
#.##.#.#####.....#..
#.##.........#......
#.####......###.....


You could see an adder.

Vanquished Creatures
  2 adders (D:2)
  An adder zombie (D:2)
  A giant gecko (D:1)
  5 bats (D:1)
  A bat zombie (D:2)
  4 goblins
  5 hobgoblins
  9 jackals (D:1)
  2 kobolds (D:1)
  A ball python (D:1)
  A giant cockroach zombie (D:2)
  4 giant newts
  A rat (D:2)
  A plant (D:1)
38 creatures vanquished.

Notes
Turn   | Place    | Note
--------------------------------------------------------------
     0 | D:1      | Steifyn the Demonspawn Wanderer began the quest for the Orb.
     0 | D:1      | Steifyn set off with: a +0 leather armour, 4 throwing nets, a +0 spear, a potion of curing, a +0 dagger, a bread ration
     0 | D:1      | Reached XP level 1. HP: 21/21 MP: 1/1
   209 | D:1      | Reached skill level 1 in Armour
   213 | D:1      | Gained mutation: You have sharp toenails. [demonic ancestry]
   213 | D:1      | Reached XP level 2. HP: 27/27 MP: 2/2
   639 | D:1      | Reached XP level 3. HP: 17/33 MP: 3/3
   839 | D:1      | Reached skill level 1 in Polearms
  1368 | D:2      | HP: 1/33 [poisoned by an adder]
  1369 | D:2      | Succumbed to an adder's poison

Vault maps used:
D:1:      lightli_arrival_windingriver
D:2:      serial_undead, serial_undead_f, serial_undead_f, serial_undead_e,
          serial_undead_c, serial_undead_c, ecumenical_altar_1

Action                   || total
-------------------------++-------
Melee: Spear             ||   250
  Use: Scroll            ||     3
       Potion            ||     2
 Stab: Sleeping          ||     7
  Eat: Bread ration      ||     1
